 Dungeon Crawl Stone Soup version 0.28.0-53-g5a82cb258f (webtiles) character file.

Game seed: 4049686347274475843

96 CuBeRJAN3 the Magician (level 4, 0/31 HPs)
             Began as a Djinni Conjurer on Aug 16, 2022.
             Slain by a bullfrog (8 damage)
             ... in a sewer.
             The game lasted 00:08:47 (1647 turns).

CuBeRJAN3 the Magician (Djinni Conjurer)            Turns: 1647, Time: 00:08:48

Health: 0/31       AC:  3    Str:  6    XL:     4   Next: 98%
Gold:   95         EV: 12    Int: 22    God:
                   SH:  0    Dex: 11

rFire   + + .      SeeInvis .   g - +0 dagger
rCold   x . .      Faith    .   (no shield)
rNeg    + . .      Spirit   .   a - +0 robe
rPois   ∞          Reflect  .   h - +0 helmet
rElec   .          Harm     .   (no cloak)
rCorr   .          Rampage  .   (no gloves)
Will    +....                   (boots unavailable)
Stlth   ++........              b - amulet of regeneration
HPRegen 0.90/turn               f - ring of willpower
MPRegen 0.00/turn               p - ring of positive energy

@: flying, very slightly contaminated
A: sickness immunity, fire resistance 2, cold vulnerability 1, float, innate
caster, HP casting, extra vitality 1
a: no special abilities


You were in a sewer.
You visited 1 branch of the dungeon, and saw 3 of its levels.
You also visited: Sewer.

You collected 95 gold pieces.

Inventory:

Hand Weapons
 g - a +0 dagger (weapon)
Armour
 a - a +0 robe (worn)
 h - a +0 helmet (worn)
Jewellery
 b - an amulet of regeneration (around neck)
 d - an amulet of reflection
 f - a ring of willpower (left hand)
 p - a ring of positive energy (right hand)
Scrolls
 c - a scroll of enchant armour {unknown}
 e - 2 scrolls of identify {unknown}
 i - 3 scrolls of noise
 k - 2 scrolls of teleportation {unknown}
 o - a scroll of blinking {unknown}
 q - a scroll of magic mapping {unknown}
 r - a scroll of vulnerability {unknown}
Potions
 j - a potion of haste {unknown}
 l - a potion of flight {unknown}
 m - a potion of curing {unknown}
 n - a potion of resistance {unknown}


   Skills:
 + Level 3.1 Dodging
 + Level 2.3 Stealth
 * Level 4.0 Spellcasting


You couldn't memorise any spells.
You knew the following spells:

 Your Spells              Type           Power      Damage    Failure   Level
a - Magic Dart            Conj           88%        1d7       1%          1
b - Searing Ray           Conj           44%        2d6       3%          2
c - Dazzling Flash        Conj/Hex       44%        N/A       6%          3
d - Fulminant Prism       Conj/Hex       11%        3d9       21%         4
e - Iskenderun's Mystic   Conj/Tloc      22%        2d6       21%         4
f - Freeze                Ice            88%        1d10      1%          1
Your spell library was empty.

Dungeon Overview and Level Annotations

Branches:
Dungeon (3/15)              Sewer (1/1)

Altars:
Hepliaklqana
Kikubaaqudgha
Xom


Innate Abilities, Weirdness & Mutations

You are immune to sickness and miasma.
You are immune to poison.
Your flesh is very heat resistant. (rF++)
You are vulnerable to cold. (rC-)
You float through the air rather than walking.
You learn spells naturally, not from books.
Your magical power is your life essence.
You have superior vitality. (+4 MHP)


Message History

The bullfrog misses you. The bullfrog closely misses you.
The bullfrog hits you! The bullfrog closely misses you.
The bullfrog is no longer blind.
Casting: Dazzling Flash (dangerous; 6% risk of failure)
Confirm with . or Enter, or press ? or * to list all spells.
Casting: Dazzling Flash (dangerous; 6% risk of failure)
Press: ? - help, Dir - look around, f - activate You miscast Dazzling Flash.
You are very lightly contaminated with residual magic.
Nothing appears to happen.
The bullfrog hits you but does no damage.
The bullfrog hits you.
Casting: Dazzling Flash (dangerous; 6% risk of failure)
Confirm with . or Enter, or press ? or * to list all spells.
You don't know that spell.
Unknown command.
Casting: Dazzling Flash (dangerous; 6% risk of failure)
Confirm with . or Enter, or press ? or * to list all spells.
Casting: Dazzling Flash (dangerous; 6% risk of failure)
Press: ? - help, Dir - look around, f - activate You miscast Dazzling Flash.
Nothing appears to happen.
The bullfrog hits you.
The bullfrog snags a nearby baby bat with its tongue.
The bullfrog hits you.
* * * LOW HITPOINT WARNING * * *
Casting: Dazzling Flash (dangerous; 6% risk of failure)
Confirm with . or Enter, or press ? or * to list all spells.
Casting: Dazzling Flash (dangerous; 6% risk of failure)
Press: ? - help, Dir - look around, f - activate
* * * LOW HITPOINT WARNING * * *
The bullfrog barely misses you. The bullfrog closely misses you.
Okay, then.
As you read the scroll labelled WOCULU ILUUCUM, it crumbles to dust.
You hear a loud clanging noise!
It was a scroll of noise.
You hear an angry hiss. x7
The bullfrog hits you!
You die...

#.∩.∩....≈≈≈≈≈≈≈≈≈≈≈≈≈≈
########..≈.≈≈≈≈≈≈≈.###
########≈≈≈≈.#
#####################≈≈≈≈≈#
...................≈..≈≈≈≈#
≈≈≈≈≈≈≈≈≈≈≈≈≈≈B≈≈≈≈≈≈≈≈≈≈≈#
≈≈≈≈≈≈≈≈≈≈≈≈≈≈≈≈≈≈≈≈≈≈≈≈≈.#
≈≈≈≈≈≈≈≈≈≈≈≈≈≈≈≈≈≈≈≈≈≈≈≈≈≈#
≈≈≈≈≈≈≈≈≈≈....F@...≈≈≈≈≈≈≈#
≈≈≈≈≈≈≈≈≈≈≈≈≈≈#######≈≈≈≈≈#
≈≈≈≈≈≈≈≈≈≈≈≈≈≈≈≈# #≈≈≈≈.#
≈≈≈≈..≈≈≈≈≈≈≈≈≈≈# #.≈≈≈.#
≈≈≈≈≈≈≈†.≈≈≈≈≈≈≈≈# .≈≈≈.#
≈≈≈≈.≈≈≈?.≈≈≈≈≈≈≈# ≈≈≈.#
≈≈≈..≈≈()$.≈≈≈≈≈≈#
≈≈≈.≈.≈}$.≈.≈≈≈≈≈#
≈≈...≈≈≈.≈≈≈≈≈≈≈≈#


You could see a bullfrog and a giant cockroach.

Vanquished Creatures
  A gnoll (D:1)
  4 adders
  8 ball pythons
  3 endoplasms (D:1)
  6 giant cockroaches
  4 goblins
  6 hobgoblins (D:1)
  3 quokkas
  2 bats
  8 frilled lizards
  5 rats
50 creatures vanquished.

Notes
Turn   | Place    | Note
-------+----------+-------------------------------------------
     0 | D:1      | CuBeRJAN3 the Djinni Conjurer began the quest for the Orb.
     0 | D:1      | Reached XP level 1. HP: 15/15 MP: 0/0
   130 | D:1      | Reached XP level 2. HP: 13/21 MP: 0/0
   355 | D:1      | Found a faded altar of an unknown god.
   380 | D:1      | Reached XP level 3. HP: 23/25 MP: 0/0
   380 | D:1      | Learned a level 1 spell: Freeze
   958 | D:2      | Reached XP level 4. HP: 31/31 MP: 0/0
  1034 | D:2      | Found a hazy altar of Hepliaklqana.
  1227 | D:2      | Noticed an ogre
  1472 | D:3      | Found a shimmering altar of Xom.
  1537 | D:3      | Found a glowing drain.
  1562 | Sewer    | Entered a sewer
  1584 | Sewer    | Reached skill level 4 in Spellcasting
  1629 | Sewer    | Noticed a bullfrog
  1647 | Sewer    | Slain by a bullfrog

Illustrated notes

Levels and vault maps discovered:
D:1:      lightli_arrival_windingriver, layout_rooms,
          dreamdust_ecumenical_altar_hidden_monk_grotto
D:2:      layout_rooms, basic_altar
D:3:      layout_rooms, nicolae_overflow_squiral, nicolae_ashenzari_panopticon,
          cheibrodos_sewer_entry_drain, kennysheep_small_spiral,
          minmay_misc_feat_chi, minivault_19, minmay_unequal
Sewer:    sewer_frog_island_01

Skill      XL: |  1  2  3  4 |
---------------+-------------+-----
Stealth        | 2 |  2.3
Dodging        | 3 |  3.1
Spellcasting   | 4 |  4.0

Action                   |  1- 3 |  4- 6 || total
-------------------------+-------+-------++-------
 Cast: Magic Dart        |    40 |    27 ||    67
       Searing Ray       |     9 |     7 ||    16
       Dazzling Flash    |       |     2 ||     2
  Use: Scroll            |       |     1 ||     1
Armor: Robe              |       |     4 ||     4
Dodge: Dodged            |     3 |    11 ||    14
